[Event "Sunway Sitges Chess Festival"]
[Date "2024.12.21"]
[White "Koenig, Christian"]
[Black "Song, Edward"]
[WhiteElo "2008"]
[BlackElo "2363"]
[Round "1.33"]
[Result "0-1"]
[TimeControl "40/5400+30:1800+30"]

1. d4 Nf6 2. Nc3 d5 3. Bf4 c5 4. e3 cxd4 5. exd4 a6 6. Nf3 Nc6 7. Ne5 Bd7 8. g3
e6 9. Nxd7 Qxd7 10. Bg2 Bd6 11. Bxd6 Qxd6 12. O-O Qb4 13. Ne2 Qxb2 14. Rb1 Qxa2
15. Rxb7 O-O 16. Qd3 Rab8 17. Rfb1 Qxb1+ 18. Rxb1 Rxb1+ 19. Bf1 Nb4 20. Qa3 Ne4
21. Nc3 Nxc2 22. Qa2 Nxc3 23. Qxc2 Rc8 24. Kg2 Rb6 25. Bd3 h6 26. h4 a5 27. g4
Rbb8 28. g5 hxg5 29. hxg5 Ne4 30. Qa4 Nxg5 31. Qxa5 Nh7 0-1

[Variant "Standard"]
[Site "Europe Echecs"]

[Event "Sunway Sitges Chess Festival"]
[Date "2024.12.21"]
[White "kiladze, Luka"]
[Black "Rindhiya V"]
[WhiteElo "2359"]
[BlackElo "2007"]
[Round "1.34"]
[Result "1-0"]
[TimeControl "40/5400+30:1800+30"]

1. d4 Nf6 2. Nc3 d5 3. Bf4 c5 4. e3 e6 5. Nb5 Na6 6. c3 Be7 7. Be2 O-O 8. a4 Bd7 9. h4 Qb6 10. Nf3 c4 11. b3 Bxb5 12. axb5 Qxb5 13. bxc4 dxc4 14. Qb1 Qxb1+ 15. Rxb1 b6 16. Bxc4 Nb8 17. Bd3 Nc6 18. e4 Na5 19. Ke2 Rfc8 20. Rhc1 Nc4 21. Ne5 Nxe5 22. Bxe5 a5 23. Rxb6 Nd7 24. Rb7 Nxe5 25. Rxe7 Ng6 26. Rb7 Nf4+ 27. Kd2 Nxg2 28. c4 a4 29. Ra1 Nxh4 30. Rb4 a3 31. Rb3 a2 32. Rb2 Rab8 33. Raxa2 Rxb2+ 34. Rxb2 Kf8 35. d5 exd5 36. exd5 Nf3+ 37. Ke3 Ne5 38. Kd4 f6 39. Be2 Rc7 1-0

[Variant "Standard"]
[Site "Europe Echecs"]

[Event "Sunway Sitges Chess Festival"]
[Date "2024.12.21"]
[White "Arkell, Keith C"]
[Black "Yu, Zechen"]
[WhiteElo "2355"]
[BlackElo "2003"]
[Round "1.36"]
[Result "1-0"]
[TimeControl "40/5400+30:1800+30"]

1. Nf3 d5 2. g3 Nf6 3.
Bg2 e6 4. c4 Be7 5. O-O O-O 6. cxd5 exd5 7. b3 c5 8. d4 Nc6 9. Bb2 Be6 10. Nc3 Rc8 11. Rc1 Nd7 12. dxc5 Nxc5 13. Nd4 Qd7 14. Nxe6 fxe6 15. e3 Nb4 16. Ne2 Nbd3 17. Rc2 Nxb2 18. Rxb2 Bf6 19. Rc2 Rfd8 20. Qd2 Na6 21. Rxc8 Rxc8 22. Nf4 Bc3 23. Qe2 Be5 24. Nd3 Bd6 25. Qg4 Nc5 26. Bh3 Re8 27. Qd4 Nxd3 28. Qxd3 Qc6 29. Rd1 Be5 30. Qe2 Bf6 31. Bg2 Kh8 32. h4 Qc3 33. e4 dxe4 34. Qxe4 Qc7 35. Qa4 Rd8 36. Rxd8+ Qxd8 37. Qxa7 b6 38.
Bf3 Bd4 39. Qf7 e5 40. h5 Qg8 41. Bd5 Qxf7 42. Bxf7 e4 43. Kf1 g6 44. hxg6 Kg7 45. Bd5 hxg6 46. Bxe4 g5 47. Ke2 Be5 48. Ke3 Kf6 49. f4 Bd6 50. Bc6 gxf4+ 51. gxf4 Ke6 52. Ke4 Ba3 53. Bb5 Bb2 54. Bd3 Bc3 55. Bc2 Kd6 56. Kd3 Bg7 57. Kc4 Kc6 58. Be4+ Kd6 59. Kb5 Kc7 60. a4 Bh6 61. f5 Bg7 62. b4 Be5 63. a5 bxa5 64. bxa5 Bc3 65. a6 Bd4 66. f6 Kb8 67. f7 Bg7 68. Kb6 Bd4+ 69. Kc6 Bg7 70. Kd7 Ka7 71. Bd3 Bf8 72. Ke8 1-0

[Variant "Standard"]
[Site "Europe Echecs"]

[Event "Sunway Sitges Chess Festival"]
[Date "2024.12.21"]
[White "Donate Villalba, Juan Francisco"]
[Black "Alexiadis, Hristos"]
[WhiteElo "1997"]
[BlackElo "2341"]
[Round "1.39"]
[Result "0-1"]
[TimeControl "40/5400+30:1800+30"]

1. e4 d5 2. exd5 Nf6 3. d4 Nxd5 4. c4 Nb6 5. Nc3 e5 6. Be3 exd4 7. Bxd4 Qe7+ 8. Qe2 Be6 9. b3 Nc6 10. Be3 Qf6 11. Bd2 Bb4 12. Qf3 Qe7 13. Nge2 O-O-O 14. O-O-O Ne5 15. Qg3 Bf5 16. Kb2 Nexc4+ 17. bxc4 Nxc4+ 18. Ka1 Nxd2 19.
Rc1 Bd6 20. f4 Ba3 0-1

[Variant "Standard"]
[Site "Europe Echecs"]

[Event "Sunway Sitges Chess Festival"]
[Date "2024.12.21"]
[White "Machado Hernandez, Junior"]
[Black "Amith Boddapati"]
[WhiteElo "2064"]
[BlackElo "1611"]
[Round "1.42"]
[Result "1-0"]
[TimeControl "40/5400+30:1800+30"]

1. e4 c5 2. Nf3 a6 3.
Nc3 d6 4. d4 cxd4 5. Nxd4 Nf6 6. h3 e5 7. Nf3 Qc7 8. Bg5 Be7 9. Bxf6 Bxf6 10. Nd5 Qd8 11. Bc4 Be6 12. Bb3 Be7 13. Qd2 Nc6 14. Rd1 Bxd5 15. Bxd5 O-O 16. O-O Qb6 17. c3 h6 18. Rfe1 Rac8 19. Nh2 Bg5 20. Qe2 Ne7 21. Bb3 Ng6 22. g3 Qc7 23. h4 Bf6 24. Ng4 Qd8 25. Ne3 Ne7 26. Rd3 b5 27. Red1 Rc6 28. Qd2 Nc8 29. Nf5 Be7 30. Qe2 Kh7 31. Qg4 g6 32. Ne3 Nb6 33. h5 Nc4 34. Bxc4 bxc4 35. R3d2 Qc8 1-0

[Variant "Standard"]
[Site "Europe Echecs"]

[Event "Sunway Sitges Chess Festival"]
[Date "2024.12.21"]
[White "Sijpkens, Michiel"]
[Black "Schulman, Julia"]
[WhiteElo "2120"]
[BlackElo "1852"]
[Round "1.43"]
[Result "1-0"]
[TimeControl "40/5400+30:1800+30"]

1. d4 Nf6 2. c4 e6 3. Nc3 Bb4 4. Qc2 O-O 5. a3 Bxc3+ 6. Qxc3 d5 7. Bg5 dxc4 8. Qxc4 b6 9. Rd1 Ba6 10. Qa4 Qc8 11. Bxf6 gxf6 12. Nf3 c5 13. g3 cxd4 14. Qxd4 e5 15. Qh4 Qf5 16. Bh3 Qg6 17. Bg2 Nc6 18. Qa4 Na5 19. Nh4 Qg5 20. Bxa8 Rxa8 21. O-O Bxe2 22. Qe4 Bxf1 23. Qxa8+ Kg7 1-0

[Variant "Standard"]
[Site "Europe Echecs"]

[Event "Sunway Sitges Chess Festival"]
[Date "2024.12.21"]
[White "Alekseenko, Kirill"]
[Black "Zheng, Harry Z"]
[WhiteElo "2673"]
[BlackElo "2248"]
[Round "2.1"]
[Result "1-0"]
[TimeControl "40/5400+30:1800+30"]

1. e4 e5 2. Nf3 Nc6 3. Bb5 a6 4. Ba4 Nf6 5. O-O Be7 6. Bxc6 dxc6 7. d3 Bd6 8. Nbd2 Be6 9. b3 Nd7 10. a4 O-O 11. Kh1 c5 12. Nc4 b5 13. Ne3 Re8 14. axb5 axb5 15. Rxa8 Qxa8 16. Ng5 Nf8 17. Nf5 h6 18. Nxe6 fxe6 19. Ne3 Qd8 20. Qh5 Qe7 21. Bb2 Qf7 22. Qe2 Ng6 23. g3 Rf8 24. Qg4 Qf3+ 25. Qxf3 Rxf3 26. Kg2 Rf8 27. Ra1 Rb8 28. Ra6 Rb6 29. Ra8+ Kf7 30. h4 Ne7 31. h5 Nc6 32. Kh3 Rb8 33. Ra6 Rb6 34. Ra1 Nb4 35. f4 exf4 36. gxf4 Ra6 37. Rg1 Bf8 38. Be5 Ra2 39. Rg2 c6 40. Bc3 Ra3 41. Ng4 Ra6 42. Ne5+ Ke8
43. Rg6 Ke7 44. f5 Nxc2 45. Rxe6+ Kd8 46. Nxc6+ Kc8 47. Ne7+ Kb7 48. Rxa6 Kxa6 49. Ng6 1-0

[Variant "Standard"]
[Site "Europe Echecs"]

[Event "Sunway Sitges Chess Festival"]
[Date "2024.12.21"]
[White "Shukhman, Anna"]
[Black "Moussard, Jules"]
[WhiteElo "2245"]
[BlackElo "2649"]
[Round "2.2"]
[Result "1/2-1/2"]
[TimeControl "40/5400+30:1800+30"]

1. e4 c5 2. Nf3 e6 3. d4 cxd4 4. Nxd4 Nc6 5. Nc3 Qc7 6. Be3 a6 7. g4 Nxd4 8. Qxd4 b5 9. O-O-O Bb7 10. Kb1 Nf6 11. g5 Ng4 12. Bf4 e5 13. Nd5 Qd6 14. Qc3 Rc8 15. Qg3 Qc5 16. Qxg4 Bxd5 17. exd5 Qxc2+ 18. Ka1 Ba3 19. bxa3 Qc3+ 20. Kb1 Qc2+ 21. Ka1 1/2-1/2

[Variant "Standard"]
[Site "Europe Echecs"]

[Event "Sunway Sitges Chess Festival"]
[Date "2024.12.21"]
[White "Tin, Jingyao"]
[Black "Lee, Jun Wei"]
[WhiteElo "2480"]
[BlackElo "2238"]
[Round "2.3"]
[Result "1-0"]
[TimeControl "40/5400+30:1800+30"]

1. c4 e6 2. g3 d5 3. Bg2 Nf6 4. Nf3 d4 5. d3 c5 6. e4 Nc6 7. e5 Nd7 8. Qe2 Be7 9. h4 Rb8 10. O-O Qc7 11. Bf4 b5 12. cxb5 Rxb5 13. Na3 Rb4 14. Nc4 O-O 15. Rfc1 Ba6 16.
Nfd2 Na5 17. a3 Rbb8 18. Nxa5 Qxa5 19. b4 Qd8 20. Nb3 Rc8 21. Na5 Qb6 22. Qe4 Kh8 23. Bd2 Rfd8 24. Nc4 Bxc4 25. Rxc4 cxb4 26. axb4 Nb8 27. Qb7 Rxc4 28. dxc4 Qxb7 29. Bxb7 Rd7 30. Ba8 g6 31. c5 Rc7 32. f4 Kg7 33. Kf1 f6 34. Ke2 fxe5 35. fxe5 h6 36. Kd3 Nd7 37. Kxd4 1-0

[Variant "Standard"]
[Site "Europe Echecs"]

[Event "Sunway Sitges Chess Festival"]
[Date "2024.12.21"]
[White "Adharsh K"]
[Black "Maurizzi, Marc`Andria"]
[WhiteElo "2235"]
[BlackElo "2477"]
[Round "2.4"]
[Result "0-1"]
[TimeControl "40/5400+30:1800+30"]

1. e4 e5 2. Nf3 Nc6 3. Bc4 Nf6 4. d3 Bc5 5. O-O d6 6. c3 a6 7. a4 Ba7 8. Nbd2 Nh5 9.
Re1 Nf4 10. Nf1 g5 11. Be3 g4 12. N3d2 h5 13. Bxa7 Nxa7 14. Ne3 Nc6 15. Ndf1 Qg5 16. d4 Bd7 17. b4 O-O 18. Qd2 Ne7 19. Kh1 Rad8 20.
Nd5 Nexd5 21. Bxd5 c6 22. Bb3 Be6 23. Bc2 h4 24. g3 hxg3 25. fxg3 Nh3 26. Qxg5+ Nxg5 27. Ne3 Kg7 28. d5 Bd7 29. dxc6 Bxc6 30. Nf5+ Kf6 31. Ne3 Ke7 32. Nf5+ Kf6 33. b5 axb5 34. axb5 Bxb5 35. Ne3 Bc6 36. Nxg4+ Ke7 37. h4 f5 38. Nh6 Nf3 39. Re3 Nd2 40. Rd1 Nc4 41. Rf3 fxe4 42. Rxf8 Rxf8 43. Re1 Nd2 44. Kg2 e3+ 45. Kh3 Bd7+ 46. g4 Rf3+ 47. Kh2 Rf2+ 48. Kh3 Nf1 0-1

[Variant "Standard"]
[Site "Europe Echecs"]

[Event "Sunway Sitges Chess Festival"]
[Date "2024.12.21"]
[White "Li, Di"]
[Black "Webb, Laurence E"]
[WhiteElo "2440"]
[BlackElo "2219"]
[Round "2.5"]
[Result "1/2-1/2"]
[TimeControl "40/5400+30:1800+30"]

1. Nf3 Nf6 2. g3 d5 3. Bg2 c6 4. O-O Bg4 5. h3 Bxf3 6. Bxf3 e5 7. d3 Nbd7 8. e4 dxe4 9. dxe4 Bc5 10. a4 a5 11. Nd2 O-O 12. Qe2 Re8 13. Rd1 Qc7 14. Kg2 Nf8 15. Nc4 Ne6 16. c3 Rad8 17. Rxd8 Rxd8 18. h4 h6 19. Bd2 Bf8 20. Ra2 Bc5 21. Be1 Bf8 22. Qc2 h5 23. b3 g6 24.
Qb1 Kh7 25. Be2 Rd7 26. Nd2 Nc5 27. b4 axb4 28. cxb4 Ne6 29. Nf3 Nd4 30. Nxd4 exd4 31. a5 Qd6 32. b5 cxb5 33. Bxb5 Rc7 34. Rb2 Ng4 35. Bf1 Qd7 36. Rb5 Bg7 37. Bd2 Qc6 38. Bd3 Rd7 39. Rb6 Qc8 40. Qb5 Ne5 41. Bf4 Nxd3 42. Qxd3 Qc5 43. Bd2 Kg8 44. Rb1 Qc6 45. Rc1 Qe6 46. f3 Kh7 47. Qc4 Qxc4 48. Rxc4 f5 49. exf5 gxf5 50. Kf2 d3 51. Ke3 Bh6+ 52. f4 Bg7 53. Bb4 Kg6 54. Bd2 Kf7 55. Rb4 Bf6 56. Rb5 Ke6 57. Bb4 Bg7 58. Rb6+ Kf7 59. Kd2 Bf6 60. Rb5 Ke6 61. Ke3 Bg7 62. Be1 Bf6 63. Kd2 Bg7 64. Rb6+ Kf7 65. Rb3 Ke6 66. Bf2 Bf6 67. Ba7 Bd8 68. Bb6 Bf6 69. Rb1 Kf7 70. Bc5 Ke6 71. Rb6+ Kf7 72. Be3 Bg7 73. Kd1 Bf6 74. Rb5 Ke6 75. Bc1 Bg7 76. Kd2 Bf6 77. Rb6+ Kf7 78. Bb2 Bd8 79. Rb5 Kg6 80. Bc3 Be7 81. Rb6+ Kh7 82. Re6 Bd8 83. Re8 Kg6 84. Rf8 Rd5 85. Rg8+ Kf7 86. Rg7+ Ke6 87. Rxb7 Bxa5 88. Bxa5 Rxa5 89. Rg7 Kd5 90.
Kxd3 Ra3+ 91. Ke2 Ra2+ 92. Kf3 Ra3+ 93.
Kf2 Ra2+ 94. Kf3 Ra3+ 95. Kg2 Ra2+ 96.
Kh3 Ke4 97. Rb7 Ra3 98. Rb1 Kf3 99.
Rf1+ Ke2 100. Rg1 Kf3 101. Rb1 Re3 102. Rb2 Rd3 103. Rb5 Ra3 104. Rb1 Rc3 105. Rf1+ Ke2 106. Kg2 Rxg3+ 107. Kxg3 Kxf1 108. Kf3 Kg1 109.
Kg3 1/2-1/2

[Variant "Standard"]
[Site "Europe Echecs"]

[Event "Sunway Sitges Chess Festival"]
[Date "2024.12.21"]
[White "Gorshtein, Ido"]
[Black "Tejaswini G"]
[WhiteElo "2422"]
[BlackElo "2211"]
[Round "2.7"]
[Result "1-0"]
[TimeControl "40/5400+30:1800+30"]

1. d4 Nf6 2. c4 g6 3. Nc3 Bg7 4. e4 d6 5. h3 O-O 6. Be3 Nbd7 7. Nf3 e5 8. d5 Nc5 9. Nd2 a5 10. Be2 c6 11. O-O cxd5 12. cxd5 Ne8 13. Bb5 Nc7 14. a4 N7a6 15. Nc4 Nb4 16. Bxc5 dxc5 17. Qe2 f5 18. exf5 Bxf5 19. Nxe5 Nc2 20. Rad1 Nd4 21. Qe3 Bxh3 22. f4 Bf5 23. Bc4 Qd6 24. Nb5 Nxb5 25. Bxb5 g5 26. Nc4 Bd4 27. Qxd4 cxd4 28. Nxd6 1-0

[Variant "Standard"]
[Site "Europe Echecs"]

[Event "Sunway Sitges Chess Festival"]
[Date "2024.12.21"]
[White "Ivanchuk, Vasyl"]
[Black "Sikkam Sai Vishnu"]
[WhiteElo "2630"]
[BlackElo "1653"]
[Round "2.9"]
[Result "1-0"]
[TimeControl "40/5400+30:1800+30"]

1. Nf3 Nf6 2. c4 c5 3. Nc3 Nc6 4. d4 cxd4 5. Nxd4 g6 6. e4 d6 7. f3 a6 8. Be3 h5 9. Be2 Bg7 10. Qd2 Bd7 11. O-O O-O 12. Rfd1 Nxd4 13. Bxd4 Bc6 14. b4 b6 15. Rac1 e6 16. Be3 Ne8 17. c5 bxc5 18. bxc5 d5 19. exd5 exd5 20. Nxd5 Nc7 21. Bc4 Nxd5 22. Bxd5 Bxd5 23. Qxd5 Qc7 24.
Qc4 Be5 25. f4 Bf6 26. Rd6 Qe7 27. Bf2 Kg7 28. Rxf6 Rh8 1-0

[Variant "Standard"]
[Site "Europe Echecs"]

[Event "Sunway Sitges Chess Festival"]
[Date "2024.12.21"]
[White "Marie, Maxime"]
[Black "Vetokhin, Savva"]
[WhiteElo "2196"]
[BlackElo "2502"]
[Round "2.10"]
[Result "0-1"]
[TimeControl "40/5400+30:1800+30"]

1. c4 e6 2. Nf3 Nf6 3. Nc3 d5 4. e3 Bd6 5. b3 O-O 6. Bb2 Re8 7. Nb5 Be7 8. Be5 Na6 9. Rc1 c6 10. Nc3 Nc5 11. Qc2 Ncd7 12. Bg3 Ba3 13. Rd1 Qa5
14. Be2 dxc4 15. bxc4 Bb4 16. h4 h6 17. Nd4 e5 18. Nb3 Qd8 19. O-O
Bxc3 20. Qxc3 Ne4 21. Qc2 Nxg3 22. fxg3 Qe7 23. c5 Nf6 24. Na5 Rd8 25. Rb1 Qc7 26. Bc4 e4 27. Qc3 Nd5 28. Qd4 Qxa5 29. Rxf7 Kxf7 30. Qxe4 Qc7 31. Qh7 Be6 32. h5 Qe7 33. g4 Nf6 34. Qg6+ Kf8 0-1

[Variant "Standard"]
[Site "Europe Echecs"]

[Event "Sunway Sitges Chess Festival"]
[Date "2024.12.21"]
[White "Velten, Paul"]
[Black "Grebennikov, Nikolai A."]
[WhiteElo "2501"]
[BlackElo "2194"]
[Round "2.11"]
[Result "1-0"]
[TimeControl "40/5400+30:1800+30"]

1. d4 Nf6 2. Nf3 g6 3. c4 Bg7 4. e3 b6 5. Nc3 d5 6. Qa4+ Bd7 7. Qb3 dxc4 8. Bxc4 O-O 9. Ne5 Be8 10. O-O e6 11. Rd1 Nc6 12. Bb5 Qd6 13. Nf3 Na5 14. Qc2 Nd5 15.
Bf1 c5 16. Nxd5 exd5 17. dxc5 bxc5 18. Bd2 Nc6 19. Rac1 c4 20. Bc3 Nb4 21. Qd2 Bxc3 22. bxc3 Nd3
23. Bxd3 cxd3 24. Qxd3 Ba4 25.
Qxd5 Qa3 26. Re1 Rfd8 27. Qa5 Rdc8 28. Nd4 Rab8 29. h4 Rb2 30. h5 Rxa2 31. h6 Qd6 32. Ra1 Rc5 33. Qxc5 Qxc5 34. Rxa2 Be8 35. Rea1 Qh5 36. Rxa7 Qxh6 37. Ra8 Kf8 38. Rb8 Qh5 39. Nf3 Qd5 40. Raa8 Qd1+ 41. Kh2 Qd6+ 42. g3 Kg7 43. Rxe8 Qd5 44. Kg2 h5 45. Rad8 Qc6 46. Rc8 Qb7 47. e4 Kf6 48. e5+ Kf5 49. e6 fxe6 50. Rf8+ Ke4 51. Rcd8 1-0

[Variant "Standard"]
[Site "Europe Echecs"]

[Event "Sunway Sitges Chess Festival"]
[Date "2024.12.21"]
[White "Allahverdiyeva, Ayan"]
[Black "Girel, Joseph"]
[WhiteElo "2194"]
[BlackElo "2494"]
[Round "2.12"]
[Result "1-0"]
[TimeControl "40/5400+30:1800+30"]

1. e4 e6 2. d4 d5 3. e5 c5 4. c3 Nc6 5. Nf3 Nge7 6. Na3 Bd7 7. Nc2 Qa5 8. Bd2 Qb6 9. Rb1 Nf5 10. g4 Nfe7 11. Rg1 cxd4 12. cxd4 Na5 13. Ne3 Rc8 14. b3 Bb5 15. b4 Nc4 16. a4
Nxe3 17. Bxb5+ Qxb5 18. fxe3 Qd3
19. Rb3 Qe4 20. Qe2 Rc4 21. b5 Qc2 22. Qd3 Qxd3 23. Rxd3 Rxa4 24. Rc3 Ra1+ 25. Kf2 Rxg1 26.
Kxg1 Kd7 27. Ng5 f6 28. Nf7 Rg8 29. Nd6 b6 30. Rc1 fxe5 31. Nf7 Ng6 32. Ra1 exd4 33. Rxa7+ Ke8 34. exd4 h6 35. Be3 Be7 36. Ne5 Nxe5 37. dxe5 Kf7 38. Bxb6 Rc8 39. Kg2 Rc2+ 40. Kf3 Ke8 41. Bd4 Rd2 42.
b6 Rxd4 43. Ra8+ Kf7 44. b7 Rb4 45. b8=Q Rxb8
46. Rxb8 Bc5 47. Rb7+ Kf8 48. h4 Bd4 49. Kf4 Bc3 50. g5 Bd2+ 51. Kg4 hxg5 52. hxg5 Bc3 53. Rb3 Bxe5 54. Re3 Bc7 55. Rxe6 d4 56. g6 d3 57. Kf3 d2
58. Ke2 Bf4 59. Re4 Bh6 60. Re5 1-0

[Variant "Standard"]
[Site "Europe Echecs"]

[Event "Sunway Sitges Chess Festival"]
[Date "2024.12.21"]
[White "Ilamparthi A R"]
[Black "Lever, Erwan"]
[WhiteElo "2391"]
[BlackElo "2172"]
[Round "2.13"]
[Result "1-0"]
[TimeControl "40/5400+30:1800+30"]

1. e4 c5 2. Nf3 e6 3. d3 Nc6 4. g3 Nf6 5. Bg2 d6 6. O-O Be7 7. c3 O-O 8. Re1 e5 9. Na3 h6 10. Nc2 Be6 11. Ne3 Qd7 12. Nh4 Rae8 13. Nhf5 Bd8 14. Qf3 Kh7 15. g4 Ng8 16. Nc4 Be7 17. a4 g6 18. Nxe7 Rxe7 19. h3 f5 20. exf5 gxf5 21. gxf5 Rxf5 22. Qe2 Rg7 23. Kh2 Nf6 24. f3 Rh5 25. Qf1 Rxg2+ 26. Qxg2 Bxh3 27. Qg3 Bf1+ 28.
Kg1 Rh3 29. Qf2 Bxd3 30. Ne3 e4 31.
fxe4 Qg7+ 32. Ng2 Rg3 33. Bf4 Rh3 34. Bc1 Rg3 35. Bf4 Rg4 36. Re3 Bxe4 37. Rg3 d5 38.
Rxg4 Nxg4 39. Qg3 Na5 40. Rf1 Nf6 41. Qxg7+ Kxg7 42. Be5 1-0

[Variant "Standard"]
[Site "Europe Echecs"]

[Event "Sunway Sitges Chess Festival"]
[Date "2024.12.21"]
[White "Li, Harry"]
[Black "Lopez Martinez, Josep Manuel"]
[WhiteElo "2194"]
[BlackElo "2455"]
[Round "2.14"]
[Result "1/2-1/2"]
[TimeControl "40/5400+30:1800+30"]

1. e4 e6 2. d4 d5 3. e5 c5 4. c3 Nc6 5. Nf3 Bd7 6. Be2 Nge7 7. Na3 cxd4 8. cxd4 Ng6 9. h4 h6 10. h5 Bb4+ 11. Kf1 Nge7 12. Nc2 Ba5 13. Rh3 Bb6 14. Nh4 Nf5 15. Nxf5 exf5 16. b4 a6 17. a4 O-O 18. Raa3 Kh8 19. Rag3 Rg8 20. Bf3 Ne7 21. a5 Ba7 22. Bf4 Rc8 23. Qd2
Qf8 24. Kg1 Be6 25. Be2 Rxc2 26. Qxc2 Nc6 27. Qd2 Qxb4 28. Qxb4 Nxb4 29. Rb3 Nc6 30.
Rxb7 Bxd4 31. Bxa6 Nxa5 32. Rb5 Nc4 33. Bb7 Rd8 34. Rd3 Bxe5 35. Bxe5 Nxe5 36. Rd4
Rb8 37. Rdb4 Rd8 38. Rd4 Rb8 39. Rdb4 Rd8 40. f3 Kh7 41. Rd4 Rb8 42. Rdb4 Rd8 43. Rd4 Rb8 44. Rdb4 Rd8 1/2-1/2

[Variant "Standard"]
[Site "Europe Echecs"]

[Event "Sunway Sitges Chess Festival"]
[Date "2024.12.21"]
[White "Raczek, Krzysztof"]
[Black "Coles, Ruben"]
[WhiteElo "2443"]
[BlackElo "2155"]
[Round "2.15"]
[Result "1-0"]
[TimeControl "40/5400+30:1800+30"]

1. Nf3 d5 2. g3 Nf6 3. Bg2 e6 4. O-O Be7 5. c4 O-O 6. b3 b6 7. cxd5 exd5 8. Bb2 Bb7 9. e3 Nbd7 10. Nc3 Nc5 11. d3 Re8 12. Ne2 Bd6 13. Nf4 Ne6 14. Rc1 c5 15. Nxe6 fxe6 16. e4 1-0

[Variant "Standard"]
[Site "Europe Echecs"]

[Event "Sunway Sitges Chess Festival"]
[Date "2024.12.21"]
[White "Travadon, Loic"]
[Black "Lyutsinger, Iren"]
[WhiteElo "2428"]
[BlackElo "2150"]
[Round "2.16"]
[Result "1-0"]
[TimeControl "40/5400+30:1800+30"]

1. e4 c5 2. Nf3 d6 3. d4 cxd4 4. Nxd4 Nf6 5. Nc3 a6 6. Qd3 e5 7. Nf5 d5 8. Nxd5 Bxf5 9. Nxf6+ Qxf6 10. exf5 Nc6 11. c3 Bc5 12. Qe4 O-O 13. Bd3 Rad8 14. h4 Qd6 15. Rh3 Rd7 16. Bg5 f6 17. Rd1 Kh8 18. Be2 Qe7 19. Bc1 Rfd8 20. Rxd7 Rxd7 21. Rd3 Nd8 22. Rxd7 Qxd7 23. Qd3 Qxd3 24. Bxd3 Kg8 25. a4 a5 26. Be4 Kf7 27. Ke2 Ke7 28. f3 Kd6 29. h5 h6 30. Kd3 b6 31. Kc4 Nf7 32. b4 axb4 33. cxb4 Bf2 34. Bd5
b5+ 35. axb5 Nd8 36. b6 Bxb6 37. b5 Kd7 38. Ba3 Ke8 39. Bc5 Ba5 40. b6 Bd2 41. b7 Nxb7 42. Bxb7 Kf7 43. Bd5+ Ke8 44. Bg8 1-0

[Variant "Standard"]
[Site "Europe Echecs"]

[Event "Sunway Sitges Chess Festival"]
[Date "2024.12.21"]
[White "Koudounis, Vasileios"]
[Black "Gormally, Daniel W"]
[WhiteElo "2190"]
[BlackElo "2424"]
[Round "2.17"]
[Result "0-1"]
[TimeControl "40/5400+30:1800+30"]

1. d4 Nf6 2. c4 e6 3. Nc3 Bb4 4. e3 O-O 5. Bd3 b6 6. Ne2 Bb7 7. a3 Bxc3+ 8. Nxc3 d5 9. cxd5 Nxd5 10. O-O c5 11. Qc2 cxd4 12. exd4 Qh4 13. Re1 Nd7 14. Ne4 Rfc8 15. Qd1 Qe7
16. b4 Nf8 17. b5 f6 18. Bd2 0-1

[Variant "Standard"]
[Site "Europe Echecs"]

[Event "Sunway Sitges Chess Festival"]
[Date "2024.12.21"]
[White "Leisch, Lukas"]
[Black "Montes Molina, Ivan"]
[WhiteElo "2417"]
[BlackElo "2144"]
[Round "2.18"]
[Result "1-0"]
[TimeControl "40/5400+30:1800+30"]

1. e4 e6 2. d4 d5 3. e5 c5 4. c3 Nc6 5. Nf3 Nh6 6. Bxh6 gxh6 7. Bb5 Qb6 8. Qe2 Bg7 9. O-O O-O 10. Rd1 a6 11. Bd3 f6 12. exf6 Rxf6 13. Qc2 Rxf3 14. dxc5 Qxc5 15. gxf3 e5 16. Nd2 Bh3 17. Bf5 Bxf5 18. Qxf5 Qe7 19. Kh1 Rf8 20. Qh5 Nd8 21. Rg1 Ne6 22. Qxe5 Qd7 23. Rae1 Ng5 24. Qe7 Qf5 25. Rg3 Qf4 26. Qe3 Qf5 27. h4 Nh3 28. Qxh6 Nxf2+ 29. Kg2 Ng4 30. Qe6+
Qxe6 31. Rxe6 Nf6 32.
Re7 Rf7 33. Rxf7 Kxf7 34. Nb3 Bh6 35. Kf1 Ke6 36. Nc5+ Kf5 37. Nxb7 Kf4 38. Kf2 Bf8 39. a3 h6 40. b4 Kf5 41. Rg1 Nh5 42. Re1 Bg7 43. Nd6+ Kf4 44. c4 Bf6 45. Kg2 Bxh4 46. Rh1 Bg5 47. Rxh5 d4 48. Ne4 1-0

[Variant "Standard"]
[Site "Europe Echecs"]

[Event "Sunway Sitges Chess Festival"]
[Date "2024.12.21"]
[White "Beisteiner, Joachim"]
[Black "Arfan, Aditya Bagus"]
[WhiteElo "2161"]
[BlackElo "2416"]
[Round "2.19"]
[Result "0-1"]
[TimeControl "40/5400+30:1800+30"]

1. e4 c5 2. c3 d5 3.
exd5 Qxd5 4. d4 Nf6 5. Nf3 e6 6. Na3 Nc6 7. Be3 cxd4 8. Nb5 Qd7 9. Nbxd4 a6 10. Be2 Nd5 11. Bd2 Bc5 12. Nxc6 Qxc6 13. c4 Nf6 14. O-O Ne4 15. Be1 b6 16. b4 Be7 17. Rc1 O-O 18. Nd2 Rd8 19.
Qc2 Bb7 20. Qxe4 Qxe4 21. Nxe4 Bxe4 22. Bc3 Bd3 23. Bxd3 Rxd3 24. Rc2 Rc8 25. Bd2 e5 26. g3 f5 27. Rb1 Kf7 28. Be3 b5 29. c5 g5 30. Rd2 Rxd2 31. Bxd2 Rd8 32. Be1 e4 33. a4 bxa4 34. Bc3 Ke6 35. Kf1 Rd3 36. Rc1 Rd8 37. Rb1 Rd3 38. Rc1 a3 39. Ba1 Kd7 40. Ke2 Kc6 41. Be5 Rb3 42. Bc3 a2 43. Kd2 Rxc3 0-1

[Variant "Standard"]
[Site "Europe Echecs"]

[Event "Sunway Sitges Chess Festival"]
[Date "2024.12.21"]
[White "Villar Reymundo, Juan Antonio"]
[Black "Abergel, Thal"]
[WhiteElo "2147"]
[BlackElo "2411"]
[Round "2.20"]
[Result "0-1"]
[TimeControl "40/5400+30:1800+30"]

1. d4 d5 2. Nf3 e6
3. c4 Nf6 4. g3 Be7 5. Bg2 O-O 6. O-O c6 7. Qc2 b6 8. Nbd2 Ba6 9. b3 c5 10. dxc5 bxc5 11. Ne5 Bb7 12. Bb2 Na6 13. Rac1 Qb6 14. cxd5 exd5 15. Ndf3 h6 16. Qb1 Rad8 17. Rfd1 Nc7 18. Qa1 Rfe8 19. Nd3 Ne6 20. Nh4 Ne4 21. Ne5 0-1

[Variant "Standard"]
[Site "Europe Echecs"]

[Event "Sunway Sitges Chess Festival"]
[Date "2024.12.21"]
[White "Mannion, Stephen R"]
[Black "Xu, Minghui"]
[WhiteElo "2139"]
[BlackElo "2405"]
[Round "2.21"]
[Result "0-1"]
[TimeControl "40/5400+30:1800+30"]

1. e4 e5 2. Nf3 Nc6 3. Bc4 Nf6 4. d4 exd4 5. e5 d5 6. Bb5 Nd7 7. O-O Be7 8. Bxc6 bxc6
9. Nxd4 Nb8 10. Qf3 c5 11. Nf5 Bxf5 12. Qxf5 Qd7 13.
Qxd7+ Nxd7 14. Re1 O-O-O 15. Nd2 Rhe8 16. f4 f5 17. Nf3 Nf8 18. h4 g6 19. c3 Ne6
20. g3 c6 21. Bd2 c4 22. b3 Nc5 23. Be3 Ne4 24. Nd4 c5 25. Nc6 Rd7 26. bxc4 dxc4 27.
Kg2 Bd8 28. e6 Rxe6 29. Ne5 Rd5 30.
Nxc4 Bf6 31. Red1 Nxc3 0-1

[Variant "Standard"]
[Site "Europe Echecs"]

[Event "Sunway Sitges Chess Festival"]
[Date "2024.12.21"]
[White "Diaz Rosas, Julio Cesar"]
[Black "Hristodorescu, Daniel"]
[WhiteElo "2401"]
[BlackElo "2138"]
[Round "2.22"]
[Result "1-0"]
[TimeControl "40/5400+30:1800+30"]

1. d4 Nf6 2. c4 g6 3. Nc3 Bg7 4. e4 O-O 5. Be2 d6 6. Be3 e5 7. d5 h5 8. h3 Nh7 9. g4 h4 10. Qd2 g5 11. Nf3 f6 12. c5 Rf7 13. cxd6 cxd6 14. Rc1 Nf8 15. Nb5 Na6 16. Nxa7 Bd7 17. Bxa6 Rxa7
18. Bxa7 bxa6 19. Be3 Bb5 20. Qc3 Rb7
21. b3 Ng6 22. Qc8 Qxc8 23. Rxc8+ Kf7 24. Kd2 Bd7 25. Rc2 Ke8 26. Rhc1 Kd8 27.
Rc6 Bxc6 28. Rxc6 1-0

[Variant "Standard"]
[Site "Europe Echecs"]

[Event "Sunway Sitges Chess Festival"]
[Date "2024.12.21"]
[White "Aloma Vidal, Robert"]
[Black "Lopez Garcia, Miguel Angel"]
[WhiteElo "2398"]
[BlackElo "2127"]
[Round "2.23"]
[Result "1-0"]
[TimeControl "40/5400+30:1800+30"]

1. d4 Nf6 2. Nf3 e6 3.
g3 b6 4. Bg2 Bb7 5. O-O Be7 6. c4 O-O 7. h4 d6 8. Nc3 Ne4 9. Qd3 Nxc3 10. bxc3 Nc6 11. d5 exd5 12. cxd5 Nb8 13. Ng5 Bxg5 14. hxg5 Nd7 15. f4 Nc5 16.
Qc2 Ba6 17. c4 Qe8 18.
a4 f5 19. gxf6 Rxf6 20.
Ra3 Qh5 21. Be3 Re8 22. Kf2 Nd7 23. Rh1 Qg6 24. Qxg6 Rxg6 25. Bd4 Bxc4 26. e4 Nc5 27. Bxc5 bxc5 28. Rb1 Ba6 29. Re3 Rf6 30. Bh3 g5 31. Kf3 h5 32. Bd7 Ref8 33. f5 Rd8 34. Be6+ Kg7 35. e5 dxe5 36. Ke4 c4 37. Kxe5 Rff8 38. Rh1 Rh8 39.
f6+ Kf8 40. Kf5 Bb7 41. Ke5 c6 42.
Rb1 Ba8 43. d6 h4 44. gxh4 Rxh4 45. d7 c3 46. Rxc3 1-0

[Variant "Standard"]
[Site "Europe Echecs"]